 Dungeon Crawl Stone Soup version 0.24-a0-725-gf1a930fc54 (webtiles) character file.

Game seed: 11371040557820591509, levelgen mode: deterministic

9813 Kohma the Basher (level 11, -16/62 HPs)
             Began as a Gargoyle Fighter on Sept 30, 2019.
             Was a High Priest of Okawaru.
             Killed from afar by a hell hog (26 damage)
             ... with a fireball
             ... in a Gauntlet on Oct 1, 2019.
             The game lasted 00:32:49 (9012 turns).

Kohma the Basher (Gargoyle Fighter)                 Turns: 9012, Time: 00:32:51

Health: -16/62     AC: 27    Str: 29    XL:     11   Next: 52%
Magic:  13/13      EV:  7    Int:  8    God:    Okawaru [*****.]
Gold:   569        SH: 13    Dex:  9    Spells: 10/10 levels left

rFire    . . .     SeeInvis .   b - +1 demon whip (freeze)
rCold    . . .     Gourm    .   c - +1 shield
rNeg     + . .     Faith    .   q - +0 plate armour
rPois    ∞         Spirit   .   N - +0 helmet
rElec    +         Reflect  .   F - +2 cloak
rCorr    .         Harm     .   (no gloves)
MR       +....     NoTele   +   (no boots)
Stlth    ..........             (no amulet)
HPRegen  0.20/turn              x - ring of protection from magic
MPRegen  0.13/turn              G - +5 ring of strength

@: very slightly contaminated, invisible
A: negative energy resistance 1, electricity resistance, unbreathing,
petrification resistance, rot immunity, AC +8
a: Heroism, Finesse, Renounce Religion


You were in a Gauntlet.
You worshipped Okawaru.
Okawaru was extremely pleased with you.
You were not hungry.

You visited 1 branch of the dungeon, and saw 11 of its levels.
You also visited: Gauntlet.

You collected 569 gold pieces.

Inventory:

Hand Weapons
 b - a +1 demon whip of freezing (weapon)
 z - a +3 morningstar of protection
Missiles
 e - 2 throwing nets
 k - 226 stones
 m - 3 atropa-tipped darts
 o - 10 poisoned darts (quivered)
 w - 5 silver boomerangs
Armour
 c - a +1 shield (worn)
 l - the +2 cloak of Zodd {rF- rN+ Dex+5}
   (You found it on level 9 of the Dungeon)

   It affects your dexterity (+5).
   It makes you vulnerable to fire.
   It protects you from negative energy.
 q - a +0 plate armour (worn)
 F - a +2 cloak (worn)
 J - the +3 leather armour of Generosity {rC++ rCorr Dex-2 SInv}
   (You found it on level 7 of the Dungeon)

   It affects your dexterity (-2).
   It greatly protects you from cold.
   It lets you see invisible.
   It provides partial protection from all sources of acid and corrosion.
 N - a +0 helmet (worn)
Jewellery
 r - the ring "Liben" {+Blink rElec rN+ Stlth-}
   (You found it in a Gauntlet)

   [ring of attention]

   It insulates you from electricity.
   It protects you from negative energy.
   It lets you blink.
   It makes you less stealthy.
 x - a ring of protection from magic (left hand)
 y - an uncursed ring of ice
 G - a +5 ring of strength (right hand)
 P - an uncursed ring of resist corrosion
Wands
 p - a wand of iceblast (16)
 t - a wand of acid (22)
 E - a wand of flame (14)
Scrolls
 a - a scroll of fog
 i - 3 scrolls of blinking
 n - 2 scrolls of remove curse
 s - 7 scrolls of teleportation
 u - a scroll of amnesia
 v - 2 scrolls of fear
 K - a scroll of enchant armour
Potions
 d - 3 potions of might
 g - 6 potions of heal wounds
 h - 2 potions of brilliance
 j - a potion of agility
 A - a potion of berserk rage
 B - 2 potions of lignification
 C - 2 potions of curing
 D - 3 potions of haste
 H - 2 potions of magic
 I - a potion of invisibility
Miscellaneous
 O - a phial of floods
Comestibles
 f - 16 rations


   Skills:
 + Level 4.5 Fighting
 - Level 12.0 Maces & Flails
 - Level 10.0 Armour
 + Level 10.4 Shields
 + Level 2.9 Invocations


You had 10 spell levels left.
You didn't know any spells.
Your spell library contained the following spells:

 Spells                   Type           Power        Failure   Level  Hunger
 Confusing Touch          Hex            #.....       99%         1    ##.....
 Corona                   Hex            #......      99%         1    ##.....
 Slow                     Hex            #.......     100%        2    ###....
 Confuse                  Hex            #.......     100%        3    ####...
 Gell's Gravitas          Tloc           #.........   100%        3    ####...
 Inner Flame              Hex/Fire       #.......     100%        3    ####...
 Portal Projectile        Hex/Tloc       #.....       100%        3    ####...
 Cause Fear               Hex            #.........   100%        4    #####..
 Leda's Liquefaction      Hex/Erth       #.........   100%        4    #####..
 Petrify                  Tmut/Erth      #.......     100%        4    #####..
 Metabolic Englaciation   Hex/Ice        #.........   100%        5    ######.
 Yara's Violent Unravell  Hex/Tmut       #.........   100%        5    ######.


Dungeon Overview and Level Annotations

Branches:
Dungeon (11/15)            Temple (0/1) D:6            Lair (0/6) D:9
    Orc (0/2) D:9         Gauntlet (1/1)

Altars:
Ashenzari
Elyvilon
Okawaru
Qazlal
Sif Muna
Vehumet
Xom
Yredelemnul
The Shining One

Shops:
D:6 =

Annotations:
Gauntlet 9 transporters, exclusion: lightning spire


Innate Abilities, Weirdness & Mutations

You are resistant to torment.
Your stone body is resilient. (AC +8)
You are immune to poison.
You resist negative energy. (rN+)
You are resistant to electric shocks. (rElec)
You can survive without breathing.
You are immune to petrification.
You are immune to rotting.


Message History

* * * LOW HITPOINT WARNING * * *
You are engulfed in flames.
* * * LOW HITPOINT WARNING * * *
The hell hog bites you but does no damage.
You fade into invisibility!
The fire bat bites you but does no damage. x4
The hell hog completely misses you. You block the fire bat's attack.
You are very lightly contaminated with residual magic.
You closely miss the fire bat.
The fire bat is almost dead.
You block the fire bat's attack.
The fire bat bites you but does no damage.
The hell hog closely misses you. You block the fire bat's attack.
You miss the fire bat.
The fire bat is almost dead.
You block the fire bat's attack.
The fire bat bites you but does no damage.
The hell hog breathes fire at you.
The fireball explodes!
The fireball engulfs you!!
You die...

........≈8§...........≈8≈§.......
........§§.............≈§§.......
########...###########...########
......t#...#........b#..§#......#
.....#.#...#.##...##b#...#.....#.
##.##..#####[#.#.#.#.######....#.
##.##..#...#..##.##..#...#.##.#©.
#.©.#..#©.©#©.#bbb#..#©.©#©..###.
##.##..#...#?.##@##..#...#....#.#
## ##..#####?#.#h#.#.#####...#...
. ..#.#...#.##.hb##.#...#...#...
.. ....#.8.#.........#.8.#..#....
### #########...########
.....................
......................
####################### # #8 #8#


8 You could see a hell hog, a hell hound and 4 fire bats.

Vanquished Creatures
  The ghost of ReniFell the Cleaver, a novice FoFi of Okawaru (D:9)
  A two-headed ogre (D:9)
  An unseen horror (D:11)
  An ugly thing (D:6)
  A gargoyle (D:11)
  2 komodo dragons
  Prince Ribbit (D:7)
  A raiju (Gauntlet)
  2 hippogriffs
  A vampire (D:10)
  3 wraiths (D:7)
  3 hungry ghosts
  A steam dragon (Gauntlet)
  3 wargs (D:9)
  A water moccasin (D:8)
  An orc warrior (D:10)
  3 ice beasts
  3 black bears
  4 sky beasts
  4 ogres
  3 centaurs
  The ghost of Kairok the Sneak, an amateur VSAs (D:3)
  3 big kobolds
  4 bullfrogs
  An elf skeleton (D:7)
  A wyvern skeleton (D:7)
  6 scorpions
  2 wights (D:7)
  3 howler monkeys (D:8)
  A crimson imp (D:7)
  A bullfrog zombie (D:10)
  4 bullfrog skeletons
  5 hounds
  2 centaur zombies
  6 jellies
  4 orc priests
  3 human zombies (D:7)
  2 orc wizards
  2 centaur skeletons
  2 iguanas
  5 worker ants
  2 killer bee zombies
  A hound skeleton (D:4)
  2 mummies (D:7)
  5 gnolls
  12 adders
  A river rat (D:6)
  A shadow imp (D:8)
  6 oozes
  4 adder zombies
  2 adder skeletons
  2 worms
  3 dart slugs
  3 leopard geckos
  37 orcs
  2 ball pythons (D:6)
  6 giant cockroaches
  13 hobgoblins
  10 jackals
  23 kobolds
  3 quokkas
  4 bats
  4 frilled lizards
  6 goblins
  A jackal skeleton (D:7)
  A leopard gecko skeleton (D:6)
  An orc zombie (D:7)
  A quokka zombie (D:7)
  12 rats
267 creatures vanquished.

Vanquished Creatures (others)
  2 plants (D:9)
2 creatures vanquished.

Grand Total: 269 creatures vanquished

Notes
Turn   | Place    | Note
-------+----------+-------------------------------------------
     0 | D:1      | Kohma the Gargoyle Fighter began the quest for the Orb.
     0 | D:1      | Reached XP level 1. HP: 14/14 MP: 1/1
   118 | D:1      | Reached XP level 2. HP: 15/19 MP: 2/2
   211 | D:1      | Reached skill level 3 in Maces & Flails
   307 | D:1      | Reached XP level 3. HP: 22/23 MP: 3/3
   764 | D:2      | Reached skill level 4 in Maces & Flails
   890 | D:2      | Reached XP level 4. HP: 28/28 MP: 4/4
  1059 | D:2      | Found an iron altar of Okawaru.
  1059 | D:2      | Found a shimmering blue altar of Sif Muna.
  1060 | D:2      | Found a radiant altar of Vehumet.
  1070 | D:2      | Became a worshipper of Warmaster Okawaru
  1403 | D:3      | Reached skill level 5 in Maces & Flails
  1403 | D:3      | Reached XP level 5. HP: 17/32 MP: 5/5
  1775 | D:3      | Found a transporter.
  1793 | D:3      | Noticed a hungry ghost
  1828 | D:3      | Found a transporter.
  1829 | D:3      | Noticed Kairok's ghost (amateur VSAs)
  1904 | D:3      | Paralysed by fainting for 7 turns
  1915 | D:3      | Killed a hungry ghost
  1915 | D:3      | Reached * piety under Okawaru
  1915 | D:3      | Reached skill level 6 in Maces & Flails
  1915 | D:3      | Reached XP level 6. HP: 19/37 MP: 6/6
  1925 | D:3      | Killed Kairok's ghost
  1925 | D:3      | Reached skill level 7 in Maces & Flails
  2178 | D:3      | Reached XP level 7. HP: 39/41 MP: 7/7
  2681 | D:4      | Reached skill level 8 in Maces & Flails
  3249 | D:5      | Entered Level 5 of the Dungeon
  3487 | D:5      | Identified a scroll of acquirement
  3518 | D:5      | Found a white marble altar of Elyvilon.
  3609 | D:5      | Found a shimmering altar of Xom.
  3711 | D:5      | Reached ** piety under Okawaru
  4095 | D:6      | Found a stormy altar of Qazlal.
  4135 | D:6      | Found a staircase to the Ecumenical Temple.
  4148 | D:6      | Reached XP level 8. HP: 43/46 MP: 8/8
  4384 | D:6      | Reached skill level 9 in Maces & Flails
  4469 | D:6      | Found Qeeckif's Jewellery Boutique.
  4507 | D:6      | Noticed a brown ugly thing
  4519 | D:6      | Killed a brown ugly thing
  4519 | D:6      | Reached skill level 5 in Armour
  4519 | D:6      | Reached skill level 5 in Shields
  4734 | D:6      | Reached skill level 10 in Maces & Flails
  4734 | D:6      | Reached XP level 9. HP: 51/51 MP: 9/9
  4829 | D:7      | Reached *** piety under Okawaru
  4848 | D:7      | Noticed Prince Ribbit
  4854 | D:7      | Killed Prince Ribbit
  5109 | D:7      | Found a basalt altar of Yredelemnul.
  5156 | D:7      | Reached **** piety under Okawaru
  5156 | D:7      | Reached skill level 11 in Maces & Flails
  5288 | D:7      | Reached XP level 10. HP: 55/56 MP: 10/10
  5359 | D:7      | Found a shattered altar of Ashenzari.
  5774 | D:7      | Got a dazzling leather armour
  5786 | D:7      | Identified the +3 leather armour of Generosity {rC++ rCorr
                  | Dex-2 SInv} (You found it on level 7 of the Dungeon)
  6351 | D:8      | Reached ***** piety under Okawaru
  6733 | D:8      | Found a glowing golden altar of the Shining One.
  6776 | D:8      | Reached skill level 12 in Maces & Flails
  6828 | D:9      | Got a crude cloak
  6845 | D:9      | Found a runed translucent door.
  6845 | D:9      | Noticed ReniFell's ghost (novice FoFi)
  6897 | D:9      | Identified the +2 cloak of Zodd {rF- rN+ Dex+5} (You found
                  | it on level 9 of the Dungeon)
  6968 | D:9      | Found a staircase to the Lair.
  7087 | D:9      | Upgraded the game from 0.24-a0-715-g0b739ee41d to
                  | 0.24-a0-725-gf1a930fc54
  7093 | D:9      | Noticed a two-headed ogre
  7129 | D:9      | Killed a two-headed ogre
  7227 | D:9      | Reached XP level 11. HP: 59/60 MP: 11/11
  7532 | D:9      | Found a staircase to the Orcish Mines.
  7893 | D:9      | Killed ReniFell's ghost
  8124 | D:10     | Entered Level 10 of the Dungeon
  8169 | D:10     | Reached skill level 10 in Armour
  8169 | D:10     | Reached skill level 10 in Shields
  8324 | D:10     | Reached skill level 1 in Invocations
  8716 | D:11     | Killed an unseen horror
  8737 | D:11     | Found a gate leading to a gauntlet.
  8759 | Gauntlet | Entered a Gauntlet
  8759 | Gauntlet | Found a transporter.
  8759 | Gauntlet | Found a transporter.
  8760 | Gauntlet | Found a transporter.
  8784 | Gauntlet | Found a transporter.
  8794 | Gauntlet | Found a transporter.
  8798 | Gauntlet | Found a transporter.
  8811 | Gauntlet | Noticed a sixfirhy
  8813 | Gauntlet | Found a transporter.
  8824 | Gauntlet | Noticed a sixfirhy
  8825 | Gauntlet | Noticed a sixfirhy
  8835 | Gauntlet | Found a transporter.
  8835 | Gauntlet | Noticed a ghost crab
  8848 | Gauntlet | Found a transporter.
  8852 | Gauntlet | Found a transporter.
  8853 | Gauntlet | Noticed a hell hog
  8868 | Gauntlet | Found a transporter.
  8870 | Gauntlet | Found a transporter.
  8981 | Gauntlet | Got a faintly glowing silver ring
  8996 | Gauntlet | Identified the ring "Liben" {+Blink rElec rN+ Stlth-} (You
                  | found it in a Gauntlet)
  9012 | Gauntlet | Killed from afar by a hell hog

Levels and vault maps discovered:
D:1:      minmay_arrival_three_doors, layout_basic
D:2:      layout_rooms, gammafunk_temple_overflow_forgotten
D:3:      layout_rooms, gammafunk_ghost_mausoleum, nrook_mini_backslash,
          st_stairs_8
D:4:      layout_cave_pools, glass_columns_b, minmay_misc_feat_cross,
          kennysheep_generic_room_13
D:5:      layout_cave_pods, lemuel_round_altar, basic_altar, first_ration
D:6:      layout_loops_cross, grunt_qazlal_clouds, temple_fountains,
          portal_sewer_entry_e, serial_shops, kennysheep_mini
D:7:      layout_basic, lemuel_mausoleum_altar_yredelemnul, ashenzari_altar_1,
          uniq_prince_ribbit1
D:8:      layout_loops_ring, tso_oasis_becter, hangedman_little_slice_of_home
D:9:      layout_cross, david_lair_shrubbed, minmay_orc_entry_guard_dogs,
          hellmonk_ghost_happy_afterlife
D:10:     layout_rooms
D:11:     layout_rooms, basic_altar, gauntlet_entry_generic
Gauntlet: gammafunk_gauntlet_hard_choice [nicolae_gauntlet_swirl,
          nicolae_gauntlet_arena_quarters, gammafunk_gauntlet_arena_corners,
          nicolae_gauntlet_arena_flowing_pool, nicolae_gauntlet_arena_blocks,
          nicolae_gauntlet_arena_grate_2, gauntlet_exit_hidden_loot]

Skill      XL: |  1  2  3  4  5  6  7  8  9 10 11 |
---------------+----------------------------------+-----
Maces & Flails | 3 4 5 6 7 8 10 11 12 | 12.0
Shields        | 5 6 9 10 | 10.4
Armour         | 5 6 9 10 | 10.0
Invocations    | 2 |  2.9
Fighting       | 4 |  4.5

Action                   |  1- 3 |  4- 6 |  7- 9 | 10-12 || total
-------------------------+-------+-------+-------+-------++-------
Melee: Flail             |   129 |   206 |    33 |       ||   368
       Morningstar       |       |       |    47 |       ||    47
       Demon whip        |       |       |   253 |   586 ||   839
Invok: Heroism           |       |       |       |     8 ||     8
  Use: Scroll            |       |       |    19 |     3 ||    22
       Potion            |       |       |       |     2 ||     2
  Eat: Chunk             |       |     8 |     9 |    10 ||    27
       Ration            |       |     4 |       |     2 ||     6
Armor: Scale mail        |    93 |   118 |    18 |       ||   229
       Plate armour      |       |       |    93 |   211 ||   304
Dodge: Dodged            |    44 |    59 |    36 |    63 ||   202
Block: Shield            |    90 |   116 |   124 |   218 ||   548

Table legend:
 A = Non-vault XP
 B = Vault XP
 C = Vault XP percentage of total XP
 D = Non-vault monster count
 E = Vault monster count
 F = Vault count percentage of total count
                 A         B        C        D         E       F
            +---------+---------+-------+---------+---------+-------
      Total |    9957 |    4062 |  29.0 |     224 |      43 |  16.1
            +---------+---------+-------+---------+---------+-------
        D:1 |      59 |       0 |   0.0 |      28 |       0 |   0.0
        D:2 |     105 |       0 |   0.0 |      28 |       0 |   0.0
        D:3 |     174 |     344 |  66.4 |      27 |       6 |  18.2
        D:4 |     276 |      33 |  10.7 |      15 |       1 |   6.2
        D:5 |     176 |       0 |   0.0 |       9 |       0 |   0.0
        D:6 |    1255 |      23 |   1.8 |       9 |       8 |  47.1
        D:7 |    1569 |    1300 |  45.3 |      32 |      13 |  28.9
        D:8 |    1071 |     155 |  12.6 |      24 |       8 |  25.0
        D:9 |    2671 |    1760 |  39.7 |      34 |       5 |  12.8
       D:10 |    1317 |       0 |   0.0 |      15 |       0 |   0.0
       D:11 |    1284 |       0 |   0.0 |       3 |       0 |   0.0
   Gauntlet |       0 |     447 | 100.0 |       0 |       2 | 100.0
            +---------+---------+-------+---------+---------+-------
